 Dungeon Crawl Stone Soup version 0.28-a0-980-g3664467d6e (webtiles) character file.

Game seed: 10775245248345527816

28 GregHouse the Chopper (level 3, -1/33 HPs)
             Began as a Hill Orc Monk on Dec 2, 2021.
             Slain by a gnoll (4 damage)
             ... on level 2 of the Dungeon.
             The game lasted 00:06:18 (1587 turns).

GregHouse the Chopper (Hill Orc Monk)               Turns: 1587, Time: 00:06:19

Health: -1/33      AC:  5    Str: 15    XL:     3   Next: 12%
Magic:  3/3        EV: 11    Int: 10    God:
Gold:   94         SH:  0    Dex: 13    Spells: 2/2 levels left

rFire   . . .      SeeInvis .   a - +0 hand axe
rCold   . . .      Faith    .   (no shield)
rNeg    . . .      Spirit   .   b - +0 ring mail
rPois   .          Reflect  .   (no helmet)
rElec   .          Harm     .   (no cloak)
rCorr   .          Rampage  .   (no gloves)
Will    .....                   (no boots)
Stlth   +.........              (no amulet)
HPRegen 0.11/turn               (no ring)
MPRegen 0.08/turn               (no ring)

@: no status effects
A: no striking features
a: no special abilities


You were on level 2 of the Dungeon.
You visited 1 branch of the dungeon, and saw 2 of its levels.

You collected 94 gold pieces.

Inventory:

Hand Weapons
 a - a +0 hand axe (weapon)
Armour
 b - a +0 ring mail (worn)
Jewellery
 e - a ring of magical power
Scrolls
 f - a scroll of noise {unknown}
Potions
 c - a potion of heal wounds {unknown}
 d - a potion of lignification {unknown}
 g - a potion of degeneration {unknown}
 h - a potion of berserk rage {unknown}
 i - a potion of mutation {unknown}


   Skills:
 + Level 4.1 Fighting
 + Level 4.5 Axes
 + Level 2.8 Dodging
 + Level 1.6 Stealth


You had 2 spell levels left.
You didn't know any spells.
Your spell library was empty.

Dungeon Overview and Level Annotations

Branches:
Dungeon (2/15)

Altars:


Message History

You start putting on your armour.
You continue putting on your +0 ring mail. x5
You finish putting on your +0 ring mail.
You drop a +0 leather armour.
h - a coppery potion
i - a viscous puce potion
Found a barding.
You see here a +0 barding. 2 gnolls come into view.
The gnoll shouts!
You hear a shout!
The gnoll throws a throwing net.
The throwing net barely misses you.
You see here a throwing net.
You hit the gnoll.
The gnoll is lightly wounded.
The gnoll barely misses you.
Your ring mail prevents you from hitting the gnoll.
The gnoll is lightly wounded.
The gnoll hits you from afar with a +0 spear.
The gnoll hits you with a +0 whip.
You completely miss the gnoll.
The gnoll is lightly wounded.
The gnoll hits you from afar with a +0 spear.
The gnoll hits you with a +0 spear. The gnoll barely misses you.
You hit the gnoll.
The gnoll is moderately wounded.
You hit the gnoll but do no damage. The gnoll hits you with a +0 spear.
The gnoll hits you with a +0 whip.
You hit the gnoll.
The gnoll is severely wounded.
You hit the gnoll. The gnoll barely misses you.
The gnoll hits you with a +0 whip.
Your ring mail prevents you from hitting the gnoll.
The gnoll is severely wounded.
You hit the gnoll but do no damage. The gnoll hits you but does no damage.
The gnoll hits you with a +0 whip!
* * * LOW HITPOINT WARNING * * *
You hit the gnoll.
The gnoll is almost dead.
You hit the gnoll but do no damage. The gnoll hits you with a +0 spear.
You die...

.##......................#
............######...[...#
#.........## ####.####
##........########...#
#...........##....###
#......<.##......##
#####.########.#..#######
#.# ##.##........ #.#
####@g########.#
###.####..g.## #...
#.........### #..# #
#.........# #..# .
#........g# #..#
#.#.........# ..#
#.#........g##..#
#...........(...#
##..[.......##..gg...


You could see 2 gnolls.

Vanquished Creatures
  A dart slug (D:1)
  3 ball pythons (D:1)
  An endoplasm (D:1)
  2 giant cockroaches (D:1)
  2 goblins
  5 hobgoblins
  2 quokkas
  2 bats (D:1)
  A frilled lizard (D:2)
  2 rats (D:1)
21 creatures vanquished.

Notes
Turn   | Place    | Note
-------+----------+-------------------------------------------
     0 | D:1      | GregHouse the Hill Orc Monk began the quest for the Orb.
     0 | D:1      | Reached XP level 1. HP: 19/19 MP: 1/1
   575 | D:1      | Reached XP level 2. HP: 23/27 MP: 2/2
  1370 | D:2      | Reached XP level 3. HP: 33/33 MP: 3/3
  1587 | D:2      | Slain by a gnoll

Illustrated notes

Levels and vault maps discovered:
D:1:      amcnicky_arrival_flooded_fountain, layout_basic
D:2:      layout_rooms

Skill      XL: |  1  2 |
---------------+-------+-----
Fighting       | 4 |  4.1
Axes           | |  4.5
Dodging        | |  2.8
Stealth        | |  1.6

Action                   || total
-------------------------++-------
Melee: Hand axe          ||    84
Armor: Robe              ||    17
       Leather armour    ||     1
       Ring mail         ||     1
Dodge: Dodged            ||    47

Table legend: (Time is in decaauts)
 A = Elapsed time spent in this place.
 B = Non-inter-level travel time spent in this place.
 C = Inter-level travel time spent in this place.
 D = Time resting spent in this place.
 E = Time spent auto-exploring this place.
 F = Levels seen in this place.
 G = Mean time per level.
                   A        B        C        D        E       F      G
               +--------+--------+--------+--------+--------+-----+--------+
         Total |   1596 |   1562 |     34 |    489 |    741 |   2 |  798.0 |
       Dungeon |   1596 |   1562 |     34 |    489 |    741 |   2 |  798.0 |
               +--------+--------+--------+--------+--------+-----+--------+

Top non-repeatable levels by time:
     D:1: 1342 daAuts
     D:2: 254 daAuts
